 Dungeon Crawl Stone Soup version 0.25-a0-460-g4f2eb97ec1 (webtiles) character file.

Game seed: 7814458333262255797, levelgen mode: deterministic

235 McKennaii the Magician (level 5, -7/28 HPs)
             Began as a Deep Elf Ice Elementalist on Feb 3, 2020.
             Mangled by an ogre
             ... wielding a +0 giant spiked club
              (13 damage)
             ... on level 4 of the Dungeon.
             The game lasted 00:08:27 (3339 turns).

McKennaii the Magician (Deep Elf Ice Elementalist)  Turns: 3339, Time: 00:08:28

Health: -7/28      AC:  2    Str:  5    XL:     5   Next: 76%
Magic:  5/15       EV: 13    Int: 21    God:
Gold:   211        SH:  0    Dex: 15    Spells: 6/15 levels left

rFire    . . .     SeeInvis .   u - +2 dagger (protect)
rCold    . . .     Gourm    .   (no shield)
rNeg     . . .     Faith    .   a - +0 robe
rPois    .         Spirit   .   (no helmet)
rElec    .         Reflect  .   (no cloak)
rCorr    .         Harm     .   (no gloves)
MR       .....                  (no boots)
Stlth    ++........             (no amulet)
HPRegen  0.09/turn              (no ring)
MPRegen  0.14/turn              (no ring)

@: very slightly contaminated
A: no striking features
a: no special abilities


You were on level 4 of the Dungeon.
You were not hungry.

You visited 1 branch of the dungeon, and saw 4 of its levels.

You collected 211 gold pieces.

Inventory:

Hand Weapons
 u - a +2 dagger of protection (weapon)
Armour
 a - a +0 robe (worn)
 t - a +1 buckler of poison resistance
Wands
 s - a wand of random effects (18)
Scrolls
 b - 3 scrolls of enchant weapon {unknown}
 d - a scroll of fog {unknown}
 e - 3 scrolls of teleportation {unknown}
 h - 2 scrolls of fear {unknown}
 i - a scroll of enchant armour {unknown}
 k - a scroll of immolation {unknown}
 m - a scroll of blinking {unknown}
 o - a scroll of remove curse {unknown}
 p - 2 scrolls of random uselessness {unknown}
 q - a scroll of magic mapping {unknown}
 r - 4 scrolls of identify {unknown}
Potions
 g - a potion of curing {unknown}
 j - a potion of lignification {unknown}
 l - a potion of agility {unknown}
 n - 2 potions of resistance {unknown}
 v - a potion of heal wounds {unknown}
Comestibles
 c - 8 rations
 f - a chunk of flesh


   Skills:
 + Level 0.1 Fighting
 + Level 2.8 Dodging
 + Level 3.1 Stealth
 * Level 5.9 Spellcasting
 * Level 1.2 Conjurations
 + Level 5.8 Ice Magic


You had 6 spell levels left.
You knew the following spells:

 Your Spells              Type           Power        Failure   Level  Hunger
a - Freeze                Ice            ####         1%          1    None
b - Hailstorm             Conj/Ice       ###.....     22%         4    ####...
c - Summon Ice Beast      Ice/Summ       ###.....     28%         4    ####...

Your spell library contained the following spells:

 Spells                   Type           Power        Failure   Level  Hunger
 Magic Dart               Conj           ##..         6%          1    None
 Ozocubu's Armour         Chrm/Ice       ###.....     9%          3    ##.....
 Blink                    Tloc           N/A          16%         2    None
 Call Imp                 Summ           #.......     16%         2    None
 Slow                     Hex            #.......     16%         2    None
 Conjure Flame            Conj/Fire      #.......     24%         3    ##.....
 Mephitic Cloud           Conj/Pois/Air  #.......     26%         3    ##.....


Dungeon Overview and Level Annotations

Branches:
Dungeon (4/15)
 Temple: D:4-7

Altars:
Cheibriados
Dithmenos
Gozag


Message History

Aim: an ogre, wielding a +0 giant spiked club (heavily wounded)
You freeze the ogre!
The ogre is severely wounded.
The ogre misses you.
Casting: Freeze (safe; 1% risk of failure)
Confirm with . or Enter, or press ? or * to list all spells.
Aiming: Freeze (safe; 1% risk of failure)
Press: ? - help, Shift-Dir - straight line, f/p - ogre
Aim: an ogre, wielding a +0 giant spiked club (severely wounded)
You freeze the ogre.
The ogre is almost dead.
Casting: Freeze (safe; 1% risk of failure)
Confirm with . or Enter, or press ? or * to list all spells.
Aiming: Freeze (safe; 1% risk of failure)
Press: ? - help, Shift-Dir - straight line, f/p - ogre
Aim: an ogre, wielding a +0 giant spiked club (almost dead)
You freeze the ogre.
The ogre is almost dead.
The ogre hits you with a +0 giant spiked club!
You die...

................##
............$.....## ###
#..................# ###.##
#.................# ##....#
##...............#
##.....###................#
##.......#................##
##<............O...........#
##..............@..........##
#.............#...†.......##
#......†.....###..........#
.............# #.........##
.............#
##.......#####..
.............#
#..............
.............##
##.............
..............#
#...######....
..............# ##.## ...


You could see an ogre.

Vanquished Creatures
  An orc priest (D:3)
  An orc wizard (D:3)
  2 worker ants (D:4)
  5 adders
  An ooze (D:3)
  3 worms
  A dart slug (D:1)
  A leopard gecko (D:3)
  9 orcs
  8 bats
  4 giant cockroaches
  7 goblins
  6 hobgoblins
  A quokka (D:4)
  A ball python (D:1)
  3 frilled lizards
  7 kobolds
  A leopard gecko skeleton (D:4)
  3 rats
65 creatures vanquished.

Notes
Turn   | Place    | Note
-------+----------+-------------------------------------------
     0 | D:1      | McKennaii the Deep Elf Ice Elementalist began the quest for
                  | the Orb.
     0 | D:1      | Reached XP level 1. HP: 10/10 MP: 6/6
   280 | D:1      | Reached XP level 2. HP: 14/15 MP: 4/8
  1040 | D:2      | Reached skill level 5 in Ice Magic
  1040 | D:2      | Reached XP level 3. HP: 17/19 MP: 7/10
  1446 | D:2      | Found an opulent altar of Gozag.
  1501 | D:2      | Found a faded altar of an unknown god.
  1606 | D:2      | Reached XP level 4. HP: 24/24 MP: 10/12
  1750 | D:3      | Learned a level 4 spell: Hailstorm
  1773 | D:3      | Found a shadowy altar of Dithmenos.
  1975 | D:2      | Reached skill level 5 in Spellcasting
  2431 | D:3      | Found a snail-covered altar of Cheibriados.
  2451 | D:3      | Learned a level 4 spell: Summon Ice Beast
  2514 | D:3      | Reached XP level 5. HP: 20/28 MP: 14/14
  3174 | D:4      | Reached skill level 1 in Conjurations
  3324 | D:4      | Noticed an ogre
  3339 | D:4      | Mangled by an ogre

Levels and vault maps discovered:
D:1:      matt_arrival_diagonals, layout_basic, minivault_27
D:2:      layout_basic, marbit_many_paths, chequers_ecumenical_altar_simple
D:3:      layout_basic, nicolae_dithmenos_shadow_blocks, cheibriados_altar_1
D:4:      layout_cave_pods, first_ration, serial_shops, kennysheep_mini,
          nicolae_shop_trees, shop_fountains

Skill      XL: |  1  2  3  4  5 |
---------------+----------------+-----
Ice Magic      | 5 |  5.8
Spellcasting   | 4 5 |  5.9
Stealth        | 3 |  3.1
Conjurations   | 1 |  1.2
Fighting       | |  0.1
Dodging        | |  2.8

Action                   |  1- 3 |  4- 6 || total
-------------------------+-------+-------++-------
Melee: Short sword       |    11 |    52 ||    63
       Unarmed           |     3 |       ||     3
       Dagger            |       |     3 ||     3
 Cast: Freeze            |    40 |    60 ||   100
       Hailstorm         |       |     5 ||     5
 Stab: Sleeping          |       |     3 ||     3
  Eat: Chunk             |     2 |     6 ||     8
Armor: Robe              |     9 |    11 ||    20
Dodge: Dodged            |    28 |    73 ||   101

Table legend:
 A = Non-vault XP
 B = Vault XP
 C = Vault XP percentage of total XP
 D = Non-vault monster count
 E = Vault monster count
 F = Vault count percentage of total count
                 A         B        C        D         E       F
            +---------+---------+-------+---------+---------+-------
      Total |     332 |       5 |   1.5 |      64 |       1 |   1.5
            +---------+---------+-------+---------+---------+-------
        D:1 |      29 |       0 |   0.0 |      15 |       0 |   0.0
        D:2 |      70 |       5 |   6.7 |      20 |       1 |   4.8
        D:3 |     154 |       0 |   0.0 |      24 |       0 |   0.0
        D:4 |      79 |       0 |   0.0 |       5 |       0 |   0.0
            +---------+---------+-------+---------+---------+-------
